 Dungeon Crawl Stone Soup version 0.22.1-6-g1668fe2 (webtiles) character file.

1745 FitzyFitz the Covert (level 9, -8/81 HPs)
             Began as a Naga Enchanter on Feb 7, 2019.
             Was an Initiate of Dithmenos.
             Mangled by Menkaure (19 damage)
             ... on level 7 of the Dungeon.
             The game lasted 00:24:48 (9855 turns).

FitzyFitz the Covert (Naga Enchanter)               Turns: 9855, Time: 00:24:49

Health: -8/81      AC:  5    Str: 10    XL:     9   Next: 6%
Magic:  12/12      EV:  9    Int: 20    God:    Dithmenos [......]
Gold:   292        SH:  3    Dex: 11    Spells: 3/12 levels left

rFire    . . .     SeeInvis +   m - +2 falchion (vamp)
rCold    . . .     Gourm    .   (no shield)
rNeg     . . .     Faith    .   g - +0 leather armour
rPois    +         Spirit   .   k - +0 helmet
rElec    .         Reflect  +   H - scarf {cloud immunity}
rCorr    +         Harm     .   (no gloves)
MR       +....                  (no barding)
Stlth    ++++......             x - +3 amulet of reflection
HPRegen  0.23/turn              (no ring)
MPRegen  0.13/turn              E - ring of resist corrosion

@: very slow
A: large, see invisible, deformed body, poison resistance, slowness 2, slow
metabolism 1, spit poison 1, AC +3
a: Spit Poison, Renounce Religion


You were on level 7 of the Dungeon.
You worshipped Dithmenos.
Dithmenos was noncommittal.
You were hungry.

You visited 2 branches of the dungeon, and saw 8 of its levels.

You collected 292 gold pieces.

Inventory:

Hand Weapons
 a - a +0 rapier
 b - a +2 dagger of protection
 h - a +0 mace
 j - a +1 dagger
 m - a +2 vampiric falchion (weapon)
 n - a +0 shortbow
 s - a +0 trident
 v - a +0 blowgun
 y - a cursed -1 dagger
 A - a +0 flail
 D - a +0 spear
Missiles
 l - 8 javelins of penetration (quivered)
 q - 191 stones
 w - 21 poisoned needles
 z - 6 steel tomahawks
 G - 54 arrows
Armour
 g - a +0 leather armour (worn)
 k - a +0 helmet (worn)
 t - a +0 robe
 H - a scarf of cloud immunity (worn)
Jewellery
 x - a +3 amulet of reflection (around neck)
 E - a ring of resist corrosion (right hand)
Scrolls
 p - 6 scrolls of remove curse
 C - a scroll of amnesia {unknown}
 I - a scroll of summoning {unknown}
Potions
 c - 2 potions of resistance
 e - a potion of mutation
 f - a potion of ambrosia
 i - a potion of cancellation {unknown}
 o - a potion of lignification
 B - a potion of curing
Comestibles
 d - 3 rations


   Skills:
 + Level 5.3 Fighting
 + Level 2.0(2.3) Short Blades
 + Level 1.5(2.1) Long Blades
 - Level 1.5 Dodging
 + Level 11.0 Stealth
 - Level 2.0 Spellcasting
 + Level 7.2 Hexes
 - Level 1.2 Ice Magic


You had 3 spell levels left.
You knew the following spells:

 Your Spells              Type           Power        Failure   Level  Hunger
a - Corona                Hex            ####...      1%          1    #......
b - Ensorcelled Hibernat  Hex/Ice        ###...       5%          2    ##.....
c - Confuse               Hex            ####....     3%          3    ###....
d - Tukima's Dance        Hex            ####....     3%          3    ###....

Your spell library contained the following spells:

 Spells                   Type           Power        Failure   Level  Hunger
 Dazzling Spray           Conj/Hex       ###...       14%         3    ###....


Dungeon Overview and Level Annotations

Branches:
Dungeon (7/15)             Temple (1/1) D:7

Altars:
Ashenzari
Cheibriados
Dithmenos
Elyvilon
Fedhas
Gozag
Hepliaklqana
Kikubaaqudgha
Makhleb
Nemelex Xobeh
Qazlal
Ru
Sif Muna
Trog
Uskayaw
Vehumet
Wu Jian
Xom
Yredelemnul
Zin
The Shining One

Annotations:
D:2 Jessica
D:7 Dowan, Duvessa, Menkaure


Innate Abilities, Weirdness & Mutations

You cannot wear boots.
Your serpentine skin is tough. (AC +3)
You have supernaturally acute eyesight. (SInv)
Armour fits poorly on your strangely shaped body.
Your system is resistant to poisons. (rPois)
You cover ground very slowly.
You have a slow metabolism.
You can spit poison.


Message History

You resist with significant effort. Menkaure barely misses you.
You riposte.
You hit Menkaure.
Menkaure is lightly damaged.
Menkaure hits you!
You slash Menkaure!
Menkaure is moderately damaged.
Menkaure giggles, "These cerements are ticklish..."
Menkaure completely misses you.
You hit Menkaure.
Menkaure is heavily damaged.
You block Menkaure's attack.
You hit Menkaure.
Menkaure is heavily damaged.
Menkaure hits you!!
* * * LOW HITPOINT WARNING * * *
Menkaure hits you but does no damage.
You hit Menkaure.
Menkaure is severely damaged.
Menkaure hits you!!
You die...

#.. #.# ##+## #.#
##$..## #.# ##.....##
#.### # ##.......##
#.#.#.##
#.........###.M....##
+.........'..@......#
#.........####.....##
##.......## #.#.##
##.....## ## #
##...## ##'## #.# #.#
##<##


You could see Menkaure.

Vanquished Creatures
  A hungry ghost (D:6)
  An orc warrior (D:6)
  2 sky beasts (D:6)
  An ice beast (D:5)
  4 centaurs
  4 bullfrogs (D:6)
  A scorpion (D:7)
  A crimson imp (D:6)
  A bullfrog zombie (D:6)
  A centaur skeleton (D:5)
  3 bullfrog skeletons
  A jelly (D:5)
  3 orc wizards (D:6)
  7 worker ants
  3 gnolls (D:4)
  A howler monkey skeleton (D:5)
  9 adders
  A shadow imp (D:5)
  An ooze (D:6)
  2 worms
  A dart slug (D:1)
  7 leopard geckos
  11 orcs
  4 bats
  6 giant cockroaches
  8 goblins
  8 hobgoblins
  6 kobolds
  5 quokkas
  3 ball pythons
  8 frilled lizards
  A jackal skeleton (D:6)
  8 rats
124 creatures vanquished.

Notes
Turn   | Place    | Note
-------+----------+-------------------------------------------
     0 | D:1      | FitzyFitz the Naga Enchanter began the quest for the Orb.
     0 | D:1      | Reached XP level 1. HP: 15/15 MP: 3/3
   380 | D:1      | Reached XP level 2. HP: 22/22 MP: 5/5
   398 | D:1      | Reached skill level 5 in Stealth
   918 | D:1      | Reached XP level 3. HP: 26/28 MP: 6/6
  1021 | D:1      | Found a glowing golden altar of the Shining One.
  1150 | D:1      | Learned a level 2 spell: Ensorcelled Hibernation
  1154 | D:1      | Learned a level 3 spell: Confuse
  1372 | D:2      | Reached skill level 6 in Stealth
  1380 | D:2      | Reached XP level 4. HP: 34/36 MP: 4/7
  1912 | D:2      | Found a blossoming altar of Fedhas.
  2059 | D:2      | Noticed Jessica
  2108 | D:3      | Found a hazy altar of Hepliaklqana.
  2775 | D:3      | Found a bloodstained altar of Trog.
  2820 | D:3      | Reached XP level 5. HP: 31/42 MP: 8/8
  3664 | D:4      | Found Anubobaono's Distillery.
  3779 | D:4      | Reached skill level 1 in Ice Magic
  3925 | D:4      | Reached skill level 7 in Stealth
  4885 | D:5      | Entered Level 5 of the Dungeon
  5172 | D:4      | Reached skill level 1 in Fighting
  5172 | D:4      | Reached XP level 6. HP: 50/51 MP: 6/9
  5471 | D:5      | Noticed an ice beast
  5491 | D:5      | Learned a level 3 spell: Tukima's Dance
  5712 | D:5      | Killed an ice beast
  5712 | D:5      | Reached skill level 5 in Hexes
  6186 | D:5      | Reached skill level 8 in Stealth
  6382 | D:5      | Reached XP level 7. HP: 61/61 MP: 5/10
  6534 | D:5      | Found an ornate altar of the Wu Jian Council.
  7250 | D:6      | Found a shattered altar of Ashenzari.
  7552 | D:6      | Noticed a water elemental
  7554 | D:6      | Found a stormy altar of Qazlal.
  7555 | D:6      | Noticed a fire elemental
  7555 | D:6      | Noticed an air elemental
  7590 | D:6      | Reached skill level 9 in Stealth
  7609 | D:6      | Reached XP level 8. HP: 54/72 MP: 6/11
  7783 | D:6      | Found a snail-covered altar of Cheibriados.
  7872 | D:6      | Found a radiant altar of Vehumet.
  8043 | D:6      | Reached skill level 10 in Stealth
  8675 | D:7      | Reached skill level 5 in Fighting
  8906 | D:7      | Noticed Duvessa
  8906 | D:7      | Noticed Dowan
  8929 | D:7      | Found a staircase to the Ecumenical Temple.
  8934 | Temple   | Entered the Ecumenical Temple
  9180 | Temple   | Became a worshipper of Dithmenos the Shadowed
  9438 | D:6      | Reached skill level 1 in Long Blades
  9438 | D:6      | Reached XP level 9. HP: 71/81 MP: 7/12
  9561 | D:7      | Reached skill level 11 in Stealth
  9848 | D:7      | Noticed Menkaure
  9855 | D:7      | Mangled by Menkaure

Skill      XL: |  1  2  3  4  5  6  7  8  9 |
---------------+----------------------------+-----
Stealth        | 5 6 7 8 9 10 11 | 11.0
Hexes          | 4 5 6 7 |  7.2
Ice Magic      | 1 |  1.2
Fighting       | 1 2 3 5 |  5.3
Long Blades    | 1 |  1.5
Short Blades   | 2 |  2.0
Dodging        | |  1.5
Spellcasting   | |  2.0

Action                   |  1- 3 |  4- 6 |  7- 9 || total
-------------------------+-------+-------+-------++-------
Melee: Dagger            |    95 |    86 |   113 ||   294
       Rapier            |       |   118 |    52 ||   170
       Falchion          |       |       |   143 ||   143
 Cast: Ensorcelled Hiber |     3 |    14 |    19 ||    36
       Confuse           |       |     7 |    11 ||    18
 Abil: Spit Poison       |       |       |     6 ||     6
  Use: Scroll            |       |     9 |     1 ||    10
       Potion            |       |       |     6 ||     6
 Stab: Sleeping          |    10 |    20 |    16 ||    46
       Confused          |       |     4 |     3 ||     7
  Eat: Chunk             |     1 |     5 |     7 ||    13
       Ration            |       |     3 |     5 ||     8
Armor: Robe              |    20 |    43 |     2 ||    65
       Leather armour    |       |       |   128 ||   128
Dodge: Dodged            |    50 |   115 |   159 ||   324
Block: Other             |       |     9 |    41 ||    50
       Reflection        |       |       |     1 ||     1
       Rpst.: Falchion   |       |       |    22 ||    22
